 Dungeon Crawl Stone Soup version 0.30-a0-365-ge7f957f1db (webtiles) character file.

Game seed: 11809133597433755503

777 hikkokomori the Grasshopper (level 7, 0/56 HPs)
             Began as a Gnoll Warper on Nov 17, 2022.
             Was a Believer of Okawaru.
             Slain by a centaur
             ... wielding a +0 whip
              (2 damage)
             ... on level 5 of the Dungeon.
             The game lasted 00:09:21 (5396 turns).

hikkokomori the Grasshopper (Gnoll Warper)          Turns: 5396, Time: 00:09:21

Health: 0/56       AC:  5    Str:  8    XL:     7   Next: 84%
Magic:  22/24      EV: 15    Int: 12    God:    Okawaru [**....]
Gold:   192        SH:  0    Dex: 12    Spells: 14/17 levels left

rFire   . . .      SeeInvis .    a - +0 hand axe (flame)
rCold   . . .      Faith    .    (no shield)
rNeg    + . .      Spirit   .    b - +0 leather armour
rPois   .          Reflect  .    (no helmet)
rElec   .          Harm     .    c - +0 cloak
rCorr   .          Rampage  .    (no gloves)
Will    .....                    (no boots)
Stlth   +++.......               (no amulet)
HPRegen 0.29/turn                e - ring of positive energy
MPRegen 0.19/turn                w - ring of magical power

@: heroic
A: fangs 1, strong nose, distributed training, weak 2, MP-powered wands
a: Renounce Religion, Heroism


You were on level 5 of the Dungeon.
You worshipped Okawaru.
Okawaru was pleased with you.
You visited 1 branch of the dungeon, and saw 5 of its levels.

You collected 192 gold pieces.

Inventory:

Hand Weapons
 a - a +0 hand axe of flaming (weapon)
 j - a +0 sling
 n - a +1 flail of holy wrath
Missiles
 d - 4 boomerangs of dispersal (quivered)
Armour
 b - a +0 leather armour (worn)
 c - a +0 cloak (worn)
 h - a +0 scale mail
Jewellery
 e - a ring of positive energy (left hand)
 w - a ring of magical power (right hand)
Wands
 g - a wand of quicksilver (6)
Scrolls
 l - 2 scrolls of vulnerability
 m - a scroll of brand weapon
 p - a scroll of teleportation {unknown}
 q - a scroll of amnesia {unknown}
 t - a scroll of poison
 x - a scroll of enchant armour {unknown}
 y - a scroll of enchant weapon {unknown}
Potions
 f - a potion of might {unknown}
 i - a potion of curing
 o - a potion of haste
 r - a potion of ambrosia {unknown}
 s - 2 potions of brilliance
 u - a potion of cancellation {unknown}


   Skills:
 + Level 5.4(10.4) Fighting
 + Level 2.8(7.8) Short Blades
 + Level 2.8(7.8) Long Blades
 + Level 5.4(10.4) Axes
 + Level 2.8(7.8) Maces & Flails
 + Level 2.8(7.8) Polearms
 + Level 2.8(7.8) Staves
 + Level 2.8(7.8) Ranged Weapons
 + Level 3.9(8.9) Throwing
 + Level 3.9(8.9) Armour
 + Level 5.4(10.4) Dodging
 + Level 2.8(7.8) Stealth
 + Level 2.8(7.8) Shields
 + Level 2.8(7.8) Unarmed Combat
 + Level 5.8 Spellcasting
 + Level 2.3 Conjurations
 + Level 2.3 Hexes
 + Level 2.3 Summonings
 + Level 2.3 Necromancy
 + Level 6.0 Translocations
 + Level 2.3 Transmutations
 + Level 2.3 Fire Magic
 + Level 2.3 Ice Magic
 + Level 2.3 Air Magic
 + Level 2.3 Earth Magic
 + Level 2.3 Poison Magic
 + Level 3.1 Invocations
 + Level 2.8 Evocations


You had 14 spell levels left.
You knew the following spells:

 Your Spells              Type           Power      Damage    Failure   Level
a - Vhi's Electric Charg  Tloc/Air       26%        N/A       13%         3

Your spell library contained the following spells:

 Spells                   Type           Power      Damage    Failure   Level
 Blink                    Tloc           34%        N/A       3%          2
 Lesser Beckoning         Tloc           34%        N/A       6%          3
 Teleport Other           Tloc           17%        N/A       6%          3
 Slow                     Hex            36%        N/A       10%         1
 Manifold Assault         Tloc           17%        N/A       21%         4
 Confusing Touch          Hex            9%         N/A       28%         3
 Vampiric Draining        Necr           9%         2d6       28%         3


Dungeon Overview and Level Annotations

Branches:
Dungeon (5/15)
 Temple: D:4-7

Altars:
Makhleb
Okawaru
Qazlal
Sif Muna

Annotations:
D:1 1 runed translucent door
D:3 3 runed translucent doors, HilariousDeathArtist's ghost, amateur OgWn; KryptKrawler's ghost, amateur MiFi; pigah's ghost, amateur DsBe


Innate Abilities, Weirdness & Mutations

You have very sharp teeth.
Your uncanny sense of smell can sniff out nearby items.
Your experience applies equally to all skills.
You are very weak. (Str -4)
You expend magic power (3 MP) to strengthen your wands.


Message History

You hit the white imp. You burn the white imp.
The white imp is moderately wounded.
The white imp hits you. The white imp freezes you.
You closely miss the white imp.
You bite the white imp, but do no damage.
The white imp is moderately wounded.
The white imp closely misses you.
You hit the white imp. You burn the white imp.
You kill the white imp!
Okawaru accepts your kill.
You start resting.
A centaur is nearby!
A centaur is nearby!
The centaur unwields a +0 whip.
The centaur wields a +0 shortbow.
The centaur shoots an arrow.
The arrow misses you.
The centaur shoots an arrow.
The arrow closely misses you.
The centaur shoots an arrow.
The arrow hits you!
The centaur shoots an arrow.
The arrow barely misses you.
The centaur shoots an arrow.
The arrow hits you!
You are too injured to fight recklessly!
You are too injured to fight recklessly!
The centaur shoots an arrow.
The arrow hits you!
* * * LOW HITPOINT WARNING * * *
The centaur unwields a +0 shortbow.
The centaur wields a +0 whip.
The centaur hits you but does no damage.
The centaur kicks you but does no damage.
The centaur hits you with a +0 whip.
* * * LOW HITPOINT WARNING * * *
The centaur kicks you but does no damage.
You closely miss the centaur. You bite the centaur, but do no damage.
The centaur hits you with a +0 whip.
* * * LOW HITPOINT WARNING * * *
The centaur barely misses you.
Unknown command.
Okay, then.
You gain the combat prowess of a mighty hero.
The centaur hits you with a +0 whip.
* * * LOW HITPOINT WARNING * * *
The centaur barely misses you. The centaur hits you with a +0 whip.
You die...

..§ #.... #.≈.≈≈≈.≈§§..
#### #.≈.≈...≈.§.# ##.
#...≈._.≈.§.# #..
#.§=≈...≈.≈.### #.#
#.§.≈≈≈≈≈.§...######.#
##.≈.§.§...≈.#.##.....#
#..§§§§§≈≈≈≈......#####
#....§@c......#####
#...##....†...#
###........>..#
#####...........
#.......#### #.......#
#########


You could see a centaur.

Vanquished Creatures
  A black bear (D:4)
  An ogre (D:4)
  An ice beast (D:5)
  A necrophage (D:4)
  A gnoll sergeant (D:5)
  A scorpion (D:5)
  A hound (D:5)
  An orc priest (D:3)
  An iguana (D:5)
  An orc wizard (D:3)
  3 gnolls (D:5)
  9 adders
  A white imp (D:5)
  2 ufetubi (D:4)
  A worm (D:5)
  2 dart slugs
  6 orcs
  8 endoplasms
  4 giant cockroaches
  7 goblins
  7 hobgoblins
  6 jackals
  3 quokkas
  6 ball pythons
  2 bats (D:3)
  A frilled lizard (D:1)
  6 kobolds
  5 rats
89 creatures vanquished.

Vanquished Creatures (others)
  4 withered plants (D:3)
4 creatures vanquished.

Grand Total: 93 creatures vanquished

Notes
Turn   | Place    | Note
-------+----------+-------------------------------------------
     0 | D:1      | hikkokomori the Gnoll Warper began the quest for the Orb.
     0 | D:1      | Reached XP level 1. HP: 20/20 MP: 6/6
     1 | D:1      | Found a runed translucent door.
   241 | D:1      | Reached XP level 2. HP: 23/26 MP: 7/7
   842 | D:1      | Reached skill level 5 in Spellcasting
   842 | D:1      | Reached XP level 3. HP: 26/31 MP: 7/9
  1310 | D:2      | Reached skill level 1 in Invocations
  1472 | D:2      | Reached skill level 1 in Short Blades
  1472 | D:2      | Reached skill level 1 in Long Blades
  1472 | D:2      | Reached skill level 1 in Maces & Flails
  1472 | D:2      | Reached skill level 1 in Polearms
  1472 | D:2      | Reached skill level 1 in Staves
  1472 | D:2      | Reached skill level 1 in Ranged Weapons
  1472 | D:2      | Reached skill level 1 in Stealth
  1472 | D:2      | Reached skill level 1 in Shields
  1472 | D:2      | Reached skill level 1 in Unarmed Combat
  1472 | D:2      | Reached skill level 1 in Evocations
  1514 | D:2      | Reached XP level 4. HP: 13/38 MP: 11/11
  1694 | D:2      | Found a faded altar of an unknown god.
  2023 | D:2      | Prayed at the altar of an unknown god.
  2023 | D:2      | Became a worshipper of Warmaster Okawaru
  2023 | D:2      | Reached * piety under Okawaru
  2098 | D:3      | Found a burning altar of Makhleb.
  2156 | D:3      | Reached skill level 1 in Conjurations
  2156 | D:3      | Reached skill level 1 in Hexes
  2156 | D:3      | Reached skill level 1 in Summonings
  2156 | D:3      | Reached skill level 1 in Necromancy
  2156 | D:3      | Reached skill level 1 in Transmutations
  2156 | D:3      | Reached skill level 1 in Fire Magic
  2156 | D:3      | Reached skill level 1 in Ice Magic
  2156 | D:3      | Reached skill level 1 in Air Magic
  2156 | D:3      | Reached skill level 1 in Earth Magic
  2156 | D:3      | Reached skill level 1 in Poison Magic
  2225 | D:3      | Found a runed translucent gate.
  2225 | D:3      | Found a runed translucent gate.
  2225 | D:3      | Found a runed translucent gate.
  2227 | D:3      | Noticed pigah's ghost (amateur DsBe)
  2227 | D:3      | Noticed KryptKrawler's ghost (amateur MiFi)
  2227 | D:3      | Noticed HilariousDeathArtist's ghost (amateur OgWn)
  2485 | D:4      | Found a stormy altar of Qazlal.
  2682 | D:3      | Reached XP level 5. HP: 35/43 MP: 12/12
  3328 | D:5      | Entered Level 5 of the Dungeon
  3328 | D:5      | Noticed a black bear
  3352 | D:4      | Noticed an ogre
  3373 | D:4      | Killed an ogre
  3374 | D:4      | Reached XP level 6. HP: 22/50 MP: 14/14
  3553 | D:4      | Reached ** piety under Okawaru
  3554 | D:4      | Reached skill level 5 in Fighting
  3554 | D:4      | Reached skill level 5 in Axes
  3554 | D:4      | Reached skill level 5 in Dodging
  4111 | D:4      | Learned a level 3 spell: Vhi's Electric Charge
  4325 | D:4      | Gained mutation: You are weak. (Str -2) [potion of
                  | mutation]
  4325 | D:4      | Gained mutation: You are very weak. (Str -4) [potion of
                  | mutation]
  4325 | D:4      | Gained mutation: You expend magic power (3 MP) to
                  | strengthen your wands. [potion of mutation]
  4332 | D:4      | Killed a black bear
  4333 | D:4      | Reached XP level 7. HP: 18/56 MP: 15/15
  5299 | D:5      | Found a shimmering blue altar of Sif Muna.
  5326 | D:5      | Reached skill level 6 in Translocations
  5396 | D:5      | HP: 2/56 [centaur/+0 whip (5)]
  5396 | D:5      | Slain by a centaur

Illustrated notes

Levels and vault maps discovered:
D:1:      dpeg_arrival_caged_fury, layout_loops_corners, serial_park_tiny_2
D:2:      layout_basic, dreamdust_ecumenical_altar_statues,
          kennysheep_cluttered_room, grunt_decor_clamped
D:3:      layout_loops_corners, bloody_makhleb, gammafunk_ghost_cemetery,
          minmay_crystal_water, kennysheep_nondescript
D:4:      layout_basic, grunt_qazlal_sundering, minmay_mini_jars
D:5:      layout_rooms, mainiacjoe_overflow_concentric_impassable,
          dancing_weapons_uskayaw

Skill      XL: |  1  2  3  4  5  6  7 |
---------------+----------------------+-----
Spellcasting   | 5 |  5.8
Invocations    | 1 2 3 |  3.1
Short Blades   | 1 2 |  2.8
Long Blades    | 1 2 |  2.8
Maces & Flails | 1 2 |  2.8
Polearms       | 1 2 |  2.8
Staves         | 1 2 |  2.8
Ranged Weapons | 1 2 |  2.8
Stealth        | 1 2 |  2.8
Shields        | 1 2 |  2.8
Unarmed Combat | 1 2 |  2.8
Evocations     | 1 2 |  2.8
Conjurations   | 1 2 |  2.3
Hexes          | 1 2 |  2.3
Summonings     | 1 2 |  2.3
Necromancy     | 1 2 |  2.3
Transmutations | 1 2 |  2.3
Fire Magic     | 1 2 |  2.3
Ice Magic      | 1 2 |  2.3
Air Magic      | 1 2 |  2.3
Earth Magic    | 1 2 |  2.3
Poison Magic   | 1 2 |  2.3
Throwing       | 3 |  3.9
Armour         | 3 |  3.9
Fighting       | 5 |  5.4
Axes           | 5 |  5.4
Dodging        | 5 |  5.4
Translocations | 6 |  6.0

Action                   |  1- 3 |  4- 6 |  7- 9 || total
-------------------------+-------+-------+-------++-------
Melee: Hand axe          |   111 |   207 |    89 ||   407
       Bite              |    10 |    13 |    11 ||    34
       Flail             |       |    11 |       ||    11
       Punch             |       |     1 |     8 ||     9
Throw: Boomerang         |       |     3 |       ||     3
       Throwing net      |       |       |     1 ||     1
Invok: Heroism           |       |     3 |     3 ||     6
  Use: Scroll            |       |     6 |     2 ||     8
       Potion            |       |     6 |       ||     6
 Stab: Sleeping          |       |     3 |       ||     3
Armor: Leather armour    |    28 |    61 |    14 ||   103
       Skin              |       |    12 |       ||    12
Dodge: Dodged            |    64 |   184 |    70 ||   318

Table legend: (Time is in decaauts)
 A = Elapsed time spent in this place.
 B = Non-inter-level travel time spent in this place.
 C = Inter-level travel time spent in this place.
 D = Time resting spent in this place.
 E = Time spent auto-exploring this place.
 F = Levels seen in this place.
 G = Mean time per level.
                   A        B        C        D        E       F      G
               +--------+--------+--------+--------+--------+-----+--------+
         Total |   5412 |   5287 |    125 |   1100 |   3228 |   5 | 1082.4 |
       Dungeon |   5412 |   5287 |    125 |   1100 |   3228 |   5 | 1082.4 |
               +--------+--------+--------+--------+--------+-----+--------+

Top non-repeatable levels by time:
     D:4: 1367 daAuts
     D:3: 1117 daAuts
     D:1: 1085 daAuts
     D:2: 954 daAuts
     D:5: 887 daAuts
